Construct Infanterie Kompanie
Selects Luftwaffe Battlegroup
Selects Luftwaffe Pioneer Support
Fallschirmpioneer Squad Paradrop
Construct Luftwaffe Kompanie
Fallschirmpioneer Squad Paradrop
Selects LG40 Recoilless Gun Paradrop
Selects LG40 Recoilless Gun Paradrop
Construct Panzergrenadier Kompanie
LG40 Recoilless Gun Paradrop
Selects Stuka Strafing Run
Fallschirmpioneer Squad Paradrop
Nebelwerfer 42 Rocket Launcher Team